 Dungeon Crawl Stone Soup version 0.20.1-1-g8b1a95d66d (webtiles) character file.

352 Popi the Covered (level 6, -14/52 HPs)
             Began as a Human Fighter on Dec 17, 2017.
             Was a Follower of Trog.
             Demolished by Duvessa
             ... wielding a +0 short sword
              (15 damage)
             ... on level 4 of the Dungeon on Dec 18, 2017.
             The game lasted 00:08:45 (4295 turns).

Popi the Covered (Human Fighter)                    Turns: 4295, Time: 00:08:45

Health: -14/52     AC:  7    Str: 19 (20) XL:     6   Next: 94%
Magic:  6/6        EV: 10    Int:  7 (9)  God:    Trog [*.....]
Gold:   206        SH:  0    Dex:  9 (12) Spells: 5/5 levels left

rFire    . . .     SeeInvis .   t - +2 spear (venom)
rCold    + . .     Gourm    .   (no shield)
rNeg     . . .     Faith    .   b - +0 scale mail
rPois    .         Spirit   .   (no helmet)
rElec    .         Reflect  .   (no cloak)
rCorr    .         Harm     .   (no gloves)
MR       .....                  (no boots)
Stlth    ..........             (no amulet)
Regen    0.2/turn               n - ring of protection from cold
MPRegen  0.1/turn               (no ring)

@: no status effects
A: robust 1, strong 1
a: Berserk, Burn Spellbooks, Renounce Religion


You were on level 4 of the Dungeon.
You worshipped Trog.
Trog was aware of your devotion.
You were not hungry.

You visited 1 branch of the dungeon, and saw 4 of its levels.

You collected 206 gold pieces.

Inventory:

Hand Weapons
 a - a +0 long sword
 t - a +2 spear of venom (weapon)
Armour
 b - a +0 scale mail (worn)
 c - a +0 shield
Jewellery
 n - a ring of protection from cold (left hand)
 w - an uncursed ring of ice
Scrolls
 h - 5 scrolls of teleportation {unknown}
 i - 4 scrolls of identify {unknown}
 k - 3 scrolls of remove curse {unknown}
 l - a scroll of magic mapping {unknown}
 m - a scroll of fog {unknown}
 r - a scroll of noise {unknown}
 u - a scroll of recharging {unknown}
 v - a scroll of immolation {unknown}
Potions
 d - a potion of might
 o - 3 potions of brilliance {unknown}
 q - a potion of flight {unknown}
 s - 2 potions of curing {unknown}
 x - a potion of heal wounds {unknown}
Comestibles
 f - 4 bread rations
 g - 2 meat rations
 p - 7 fruits
 z - a royal jelly


   Skills:
 - Level 4.0 Fighting
 - Level 3.0 Long Blades
 - Level 2.4 Polearms
 - Level 4.6 Armour
 + Level 2.6 Dodging
 - Level 3.0 Shields


You had 5 spell levels left.
You didn't know any spells.

Dungeon Overview and Level Annotations

Branches:
Dungeon (4/15)
 Temple: D:4-7

Altars:
Sif Muna
Trog

Shops:
D:4 }[

Annotations:
D:3 Popi's ghost, amateur HuFi
D:4 Duvessa


Innate Abilities, Weirdness & Mutations

You are robust. (+10% HP)
Your muscles are strong. (Str +2)


Message History

Duvessa is lightly wounded.
Duvessa barely misses you.
You hit Duvessa but do no damage.
Duvessa looks as sick as possible!
Duvessa is lightly wounded.
Duvessa hits you with a short sword! Duvessa completely misses you.
You hit Duvessa but do no damage.
Duvessa looks as sick as possible!
Duvessa is lightly wounded.
Duvessa hits you with a short sword.
* * * LOW HITPOINT WARNING * * *
You hit Duvessa but do no damage.
Duvessa looks as sick as possible!
Duvessa is lightly wounded.
Duvessa hits you with a short sword!
* * * LOW HITPOINT WARNING * * *
An orc comes into view. It is wielding a flail.
It was a potion of degeneration.
There was something very wrong with that liquid.
You feel weakened.
You feel dopey.
You feel clumsy.
The orc shouts!
Duvessa hits you but does no damage. Duvessa hits you with a short sword!
You die...

...## #..... .# ....##
#....###. .....#
##.......# # # .....#
.....!...##.. .# .>...#
.......... ... .....#
.......# %..#
.....#######....# .....
...........#....##......
..........).....@e......
.....###...#.#.....##.#.
.....# #....∩...#..#
....(# #####.#........
.....# .....#.......
....## .o.##.#......§§
...## #... #.........≈
#### #... ##........≈ #
#... .......


You could see Duvessa (berserk) and an orc.

Vanquished Creatures
  An ogre (D:4)
  Dowan (D:4)
  A hound skeleton (D:3)
  9 adders
  An ooze (D:2)
  5 worms
  3 dart slugs (D:2)
  5 leopard geckos
  5 orcs
  7 goblins
  9 hobgoblins
  7 jackals
  11 kobolds
  A quokka (D:3)
  A ball python (D:2)
  10 bats
  6 frilled lizards
  11 rats
94 creatures vanquished.

Vanquished Creatures (others)
  A leopard gecko (D:4)
  5 toadstools (D:1)
6 creatures vanquished.

Grand Total: 100 creatures vanquished

Notes
Turn   | Place    | Note
-------+----------+-------------------------------------------
     0 | D:1      | Popi the Human Fighter began the quest for the Orb.
     0 | D:1      | Reached XP level 1. HP: 18/18 MP: 1/1
    25 | D:1      | Reached skill level 1 in Dodging
   107 | D:1      | Reached XP level 2. HP: 24/24 MP: 2/2
   484 | D:1      | Reached XP level 3. HP: 27/29 MP: 3/3
   835 | D:2      | Reached XP level 4. HP: 15/35 MP: 4/4
  1483 | D:2      | Found a bloodstained altar of Trog.
  1634 | D:2      | Reached XP level 5. HP: 42/42 MP: 5/5
  1740 | D:2      | Found a deep blue altar of Sif Muna.
  1794 | D:3      | Noticed Popi's ghost (amateur HuFi)
  2027 | D:2      | Became a worshipper of Trog the Wrathful
  2908 | D:3      | HP: 1/42 [Popi's ghost (6)]
  3386 | D:4      | Noticed Duvessa
  3393 | D:4      | Noticed Dowan
  3406 | D:3      | Reached XP level 6. HP: 32/48 MP: 6/6
  3553 | D:3      | Gained mutation: You are agile. (Dex +2) [potion of mutation]
  3553 | D:3      | Gained mutation: Your mind is acute. (Int +2) [potion of mutation]
  3554 | D:3      | Lost mutation: You are agile. (Dex +2) [potion of mutation]
  3554 | D:3      | Lost mutation: Your mind is acute. (Int +2) [potion of mutation]
  3554 | D:3      | Gained mutation: You are robust. (+10% HP) [potion of mutation]
  3554 | D:3      | Gained mutation: Your muscles are strong. (Str +2) [potion of mutation]
  3982 | D:4      | Found Tejilloudo's Gadget Emporium.
  4017 | D:4      | Found Guannat's Armour Boutique.
  4031 | D:4      | Noticed an ogre
  4057 | D:3      | Reached * piety under Trog
  4069 | D:4      | Killed an ogre
  4279 | D:4      | Killed Dowan
  4294 | D:4      | HP: 1/52 [Duvessa/short sword (9)]
  4295 | D:4      | Demolished by Duvessa

Skill      XL: |  1  2  3  4  5  6 |
---------------+-------------------+-----
Dodging        | 1 2 |  2.6
Long Blades    | 3 |  3.0
Fighting       | 4 |  4.0
Armour         | 4 |  4.6
Polearms       | 2 |  2.4
Shields        | |  3.0

Action                   |  1- 3 |  4- 6 || total
-------------------------+-------+-------++-------
Melee: Long sword        |    83 |   210 ||   293
       Spear             |       |    28 ||    28
  Use: Potion            |       |     4 ||     4
  Eat: Chunk             |       |    11 ||    11
Armor: Scale mail        |    31 |   125 ||   156
Dodge: Dodged            |    52 |   161 ||   213
       Rpst.: Long sword |    14 |    45 ||    59
